 Dungeon Crawl Stone Soup version 0.29.1-1-gd02db6906a (webtiles) character file.

Game seed: 1118768935099654712

54 mcbry74 the Chopper (level 3, 0/33 HPs)
             Began as a Minotaur Berserker on Oct 12, 2022.
             Was a Believer of Trog.
             Killed from afar by an orc wizard (7 damage)
             ... with a puff of flame
             ... on level 2 of the Dungeon.
             The game lasted 00:02:53 (1821 turns).

mcbry74 the Chopper (Minotaur Berserker)            Turns: 1821, Time: 00:02:53

Health: 0/33       AC: 10    Str: 21    XL:     3   Next: 66%
Magic:  2/2        EV:  8    Int:  6    God:    Trog [**....]
Gold:   111        SH:  0    Dex:  9    Spells: 2/2 levels left

rFire   . . .      SeeInvis .   a - +0 hand axe
rCold   . . .      Faith    .   (no shield)
rNeg    . . .      Spirit   .   e - +0 chain mail
rPois   .          Reflect  .   (helmet restricted)
rElec   .          Harm     .   (no cloak)
rCorr   .          Rampage  .   k - +0 pair of gloves
Will    .....                   (no boots)
Stlth   ..........              (no amulet)
HPRegen 0.11/turn               (no ring)
MPRegen 0.08/turn               (no ring)

@: no status effects
A: horns 2, retaliatory headbutt
a: Renounce Religion, Berserk, Trog's Hand


You were on level 2 of the Dungeon.
You worshipped Trog.
Trog was pleased with you.
You visited 1 branch of the dungeon, and saw 3 of its levels.

You collected 111 gold pieces.

Inventory:

Hand Weapons
 a - a +0 hand axe (weapon)
Missiles
 c - 5 javelins (quivered)
Armour
 b - a +0 animal skin
 e - a +0 chain mail (worn)
 k - a +0 pair of gloves (worn)
Scrolls
 f - 2 scrolls of teleportation {unknown}
 i - 3 scrolls of identify {unknown}
 j - a scroll of enchant armour {unknown}
Potions
 d - a potion of attraction {unknown}
 g - 3 potions of curing {unknown}
 h - a potion of mutation {unknown}


   Skills:
 + Level 4.1 Fighting
 * Level 4.5 Axes
 + Level 3.1 Armour
 + Level 2.8 Dodging


You had 2 spell levels left.
You didn't know any spells.
Your spell library contained the following spells:

 Spells                   Type           Power      Damage    Failure   Level
 Foxfire                  Conj/Fire      0%         2x1d4     99%         1
 Conjure Flame            Conj/Fire      0%         6-21      100%        3
 Inner Flame              Hex/Fire       0%         N/A       100%        3
 Flame Wave               Conj/Fire      0%         2d4       100%        4


Dungeon Overview and Level Annotations

Branches:
Dungeon (3/15)

Altars:

Shops:
D:1 *

Annotations:
D:1 1 transporter


Innate Abilities, Weirdness & Mutations

You have a pair of horns on your head.
You reflexively headbutt those who attack you in melee.


Message History

You barely miss something. Something hits you but does no damage.
You barely miss something. Something hits you but does no damage.
You miss something.
You hear some strange, mumbled words.
You are confused.
You hit something but do no damage.
You hear some strange, mumbled words.
Something tries to affect you, but you resist.
Something hits you but does no damage.
There is a stone staircase leading down, spattered with blood here.
Something hits you but does no damage.
You feel less confused. Something hits you but does no damage.
There is a stone staircase leading down, spattered with blood here.
You hear some strange, mumbled words.
A magic dart appears from out of thin air!
The magic dart hits you. Something hits you but does no damage.
You closely miss something. Your headbutt misses something.
You hear some strange, mumbled words.
A puff of flame appears from out of thin air!
The puff of flame hits you.
You hear some strange, mumbled words.
A puff of flame appears from out of thin air!
The puff of flame hits you!
You barely miss something. Something hits you but does no damage.
You closely miss something. Your headbutt misses something.
You hear some strange, mumbled words.
A magic dart appears from out of thin air!
The magic dart hits you.
You completely miss something. Your headbutt misses something.
You hear some strange, mumbled words.
A puff of flame appears from out of thin air!
The puff of flame hits you.
* * * LOW HITPOINT WARNING * * *
You hit something but do no damage. Your headbutt misses something.
You hear some strange, mumbled words.
A puff of flame appears from out of thin air!
The puff of flame hits you!
You die...

############
#.........<#
#########
#.##########
........# #.#
........# #.#
........#########.#
............>..{@.#
.............######
........######
........# ........#
........# #########
#


There were no monsters in sight!

Vanquished Creatures
  An adder (D:2)
  A worm (D:2)
  2 bats (D:1)
  10 endoplasms
  A giant cockroach (D:1)
  2 goblins
  2 hobgoblins (D:1)
  A quokka (D:2)
  6 ball pythons
  4 frilled lizards
  5 kobolds
  3 rats (D:2)
38 creatures vanquished.

Notes
Turn   | Place    | Note
-------+----------+-------------------------------------------
     0 | D:1      | mcbry74 the Minotaur Berserker began the quest for the Orb.
     0 | D:1      | Reached XP level 1. HP: 19/19 MP: 0/0
   231 | D:1      | Found a faded altar of an unknown god.
   327 | D:1      | Found Maasuudec's Assorted Antiques.
   410 | D:1      | Reached XP level 2. HP: 23/27 MP: 1/1
   960 | D:2      | Reached ** piety under Trog
  1268 | D:2      | Reached XP level 3. HP: 33/33 MP: 2/2
  1821 | D:2      | Killed from afar by an orc wizard

Illustrated notes

Levels and vault maps discovered:
D:1:      spicycebolla_arrival_transporter_tutorial, layout_loops_ring,
          serial_forest, infiniplex_forest_clump_curved,
          infiniplex_forest_lined_2, infiniplex_forest_lined_2,
          infiniplex_forest_clump_curved, infiniplex_forest_lined_room_2,
          infiniplex_forest_lined_room_2, infiniplex_forest_straight_2,
          infiniplex_forest_lined_2, infiniplex_forest_clump_tiny,
          hellmonk_ecumenical_altar_arch_garden, serial_shops, shop, minivault_4
D:2:      layout_basic, moated_statue
D:3:      layout_loops_cross, nicolae_yredelemnul_ghost_church, fedhas_altar_2

Skill      XL: |  1  2 |
---------------+-------+-----
Axes           | 4 |  4.5
Fighting       | 4 |  4.1
Armour         | 3 |  3.1
Dodging        | |  2.8

Action                   || total
-------------------------++-------
Melee: Hand axe          ||    80
       Headbutt          ||    16
Armor: Animal skin       ||     5
       Chain mail        ||    37
Dodge: Dodged            ||    24
